Map: Frozen Temple

Players

Fallenger

  • Race: Zerg Zerg
  • League: Master

Miszu - Winner!

  • Race: Terran Terran
  • League: Master

VOD

Have the link to the VOD?

Description

Time

  • Played on: March 28, 2016, 5:53 p.m.
  • Length: 3:06
Show
View Real Time Build Order
Export as new Build Order

Fallenger Zerg 

Build Orders: Hatch First 

Get SALT Encoding   

  12  0:00  Drone  
  13  0:13  Overlord  
  13  0:18  Drone  
  14  0:32  Drone x2  
  14  0:35  Drone  
  17  0:53  Hatchery  
  17  0:56  Drone  
  17  1:00  Drone  
  17  1:03  Extractor  
  17  1:14  Spawning Pool  
  17  1:16  Drone  
  17  1:19  Drone  
  18  1:30  Drone  
  19  1:39  Overlord  
  19  2:01  Queen  
  19  2:02  Zergling x4  
  19  2:05  Queen  
  19  2:07  Zergling x2  
  26  2:14  Zergling x2  
  27  2:19  Spine Crawler  
  26  2:28  Roach Warren  
  24  2:37  Zergling x4  
Show
View Real Time Build Order
Export as new Build Order

Miszu Terran - Winner!

Build Orders:  

Get SALT Encoding   

  12  0:00  SCV  
  13  0:12  SCV  
  14  0:18  Supply Depot  
  14  0:25  SCV  
  15  0:43  Barracks  
  15  0:53  Barracks  
  15  1:07  Barracks  
  15  1:30  Marine  
  15  1:31  Barracks  
  16  1:41  Supply Depot, Marine  
  17  1:48  Marine  
  17  1:53  Marine  
  19  1:59  Marine  
  20  2:06  Marine  
  21  2:11  Marine  
  22  2:17  Marine  
  22  2:18  Marine  
  24  2:24  Marine  
  24  2:29  Supply Depot, Marine  
  26  2:35  Marine  
  26  2:36  Marine  
  28  2:42  Marine  
Tags
 
Add a new tag
Caveats
  • Supply blocks, unpowered buildings, or Contaminate may cause inaccurate times.
  • Supply counts are checked every 10 seconds.